 Dungeon Crawl Stone Soup version 0.29-a0-911-g88e6f02907 (webtiles) character file.

Game seed: 3565868555038022811

123 zeratav the Stinger (level 5, 0/31 HPs)
             Began as an Octopode Venom Mage on July 25, 2022.
             Slain by a black bear (2 damage)
             ... on level 2 of the Dungeon.
             The game lasted 00:02:59 (3219 turns).

zeratav the Stinger (Octopode Venom Mage)           Turns: 3219, Time: 00:03:00

Health: 0/31       AC:  1    Str:  7    XL:     5   Next: 7%
Magic:  8/8        EV: 13    Int: 19    God:
Gold:   82         SH:  0    Dex: 13    Spells: 5/8 levels left

rFire   . . .      SeeInvis .   c - +2 dagger (holy) {short}
rCold   . . .      Faith    .   (no shield)
rNeg    . . .      Spirit   .   (helmet restricted)
rPois   .          Reflect  .   (no amulet)
rElec   .          Harm     .   (no ring)
rCorr   .          Rampage  .   (no ring)
Will    .....                   (no ring)
Stlth   ++++......              (no ring)
HPRegen 0.10/turn               (no ring)
MPRegen 0.11/turn               (no ring)
                                (no ring)
                                (no ring)

@: no status effects
A: almost no armour, amphibious, 8 rings, camouflage 1, gelatinous body 1,
(nimble swimmer 1), tentacles
a: no special abilities


You were on level 2 of the Dungeon.
You visited 1 branch of the dungeon, and saw 2 of its levels.

You collected 82 gold pieces.


Innate Abilities, Weirdness & Mutations

You cannot wear most types of armour.
You are amphibious.
You can wear up to eight rings at the same time.
Your skin changes colour to match your surroundings (Stealth+).
Your rubbery body absorbs attacks. (AC +1, EV +1)
((You are camouflaged when in or above water. (Stealth+)))
You have tentacles for arms and can constrict up to eight enemies at once.


   Skills:
 - Level 2.0 Dodging
 - Level 5.0 Stealth
 - Level 2.0 Spellcasting
 - Level 1.0 Transmutations
 + Level 5.7 Poison Magic


You had 5 spell levels left.
You knew the following spells:

 Your Spells              Type           Power      Damage    Failure   Level
a - Sting                 Tmut/Pois      56%        1d5       4%          1
b - Poisonous Vapours     Pois/Air       24%        N/A       8%          2

Your spell library contained the following spells:

 Spells                   Type           Power      Damage    Failure   Level
 Olgreb's Toxic Radiance  Pois           23%        N/A       16%         4
 Mephitic Cloud           Conj/Pois/Air  9%         N/A       24%         3

Inventory:

Hand Weapons
 c - a +2 dagger of holy wrath (weapon) {short}
   (You took it off a kobold on level 1 of the Dungeon)
Jewellery
 e - a ring of fire
   (You found it on level 1 of the Dungeon)
Scrolls
 f - a scroll of identify {unknown}
Potions
 a - 2 potions of magic
 b - a potion of heal wounds {unknown}
 d - a potion of degeneration {unknown}
 g - a potion of lignification {unknown}
 h - a potion of curing {unknown}

Dungeon Overview and Level Annotations

Branches:
Dungeon (2/15) Zot: 8781

Altars:

Shops:
D:2

[ ....................>#
.#######...##.######## .#
#...##.#.. †#######...##.#.#
# ...........##.#.# .#
÷..........##.#.# .#
...........##.#†###.#
...........##.#.h†..#####
.........#....#.@........
.........#.#####..###########
.........#.#......#<........#
'#########)#.###..#########.#
.# #.#.# #..# #.# .# #)#.#
#..# #.# . #.#.# #..# #.# #
#.#.# #..# #.# #.#.# #..# #.#


You could see a black bear.


Message History

Poisonous vapours surround the goblin!
The goblin is poisoned.
You kill the goblin!
MP[-2]
You lost 2 mp, and now have 0/8 mp.
You start resting.
HP[+21] MP[+8]
Your hp is fully restored (31).
Your mp is fully restored (8).
Things that are here:
a +0 club {mace}; 4 stones {throwing}; a +0 ring mail
Things that are here:
a +0 dagger {short}; a stone {throwing}
There is an open door here.
You open the door.
There is an open door here.
A quokka is nearby!
There is an open door here.
You closely miss the quokka. You grab the quokka. You constrict the quokka.
The quokka misses you.
You barely miss the quokka.
You squeeze the quokka, but do no damage.
You constrict the quokka. The quokka closely misses you.
The quokka completely misses you.
You hit the quokka.
You kill the quokka!
No target in view!
No target in view!
No target in view!
No target in view!
No target in view!
No target in view!
No target in view!
No target in view!
No target in view!
No target in view!
No target in view!
No target in view!
No target in view!
No target in view!
You see here a +0 dagger {short}.
Found a stone staircase leading up.
A dart slug comes into view.
A frilled lizard comes into view.
The helpless dart slug fails to defend itself.
You impale the dart slug!!
You kill the dart slug!
A black bear comes into view.
The black bear growls angrily.
The frilled lizard hisses angrily.
The frilled lizard misses you.
You barely miss the frilled lizard. You grab the frilled lizard.
You constrict the frilled lizard, but do no damage.
The frilled lizard completely misses you.
You hit the frilled lizard. You squeeze the frilled lizard.
You kill the frilled lizard!
The black bear bites you! The black bear closely misses you.
The black bear claws you.
You see here a frilled lizard corpse.
HP[-10]
You take 10 damage, and now have 21/31 hp.
MASSIVE DAMAGE!! (PAUSE)
You hit the black bear. You grab the black bear. You constrict the black bear.
The black bear misses you. The black bear claws you. The black bear misses you.
HP[-2]
You take 2 damage, and now have 19/31 hp.
You hit the black bear but do no damage.
You squeeze the black bear, but do no damage.
You constrict the black bear. The black bear bites you!
* * * LOW HITPOINT WARNING * * *
The black bear claws you.
* * * LOW HITPOINT WARNING * * *
The black bear completely misses you.
You are too injured to fight recklessly!
You are too injured to fight recklessly!
HP[-8]
You take 8 damage, and now have 11/31 hp.
MASSIVE DAMAGE!! (PAUSE)
You are too injured to fight recklessly!
You are too injured to fight recklessly!
You are too injured to fight recklessly!
You are too injured to fight recklessly!
You are too injured to fight recklessly!
You are too injured to fight recklessly!
You are too injured to fight recklessly!
You are too injured to fight recklessly!
You are too injured to fight recklessly!
You are too injured to fight recklessly!
You release your grip on the black bear.
Unknown command.
The black bear attacks as you move away!
The black bear barely misses you. The black bear claws you.
* * * LOW HITPOINT WARNING * * *
The black bear claws you.
* * * LOW HITPOINT WARNING * * *
HP[-7]
You take 7 damage, and now have 4/31 hp.
MASSIVE DAMAGE!! (PAUSE)
The black bear attacks as you move away!
The black bear completely misses you. The black bear claws you.
* * * LOW HITPOINT WARNING * * *
The black bear claws you.
You die...

Skill      XL: |  1  2  3  4 |
---------------+-------------+-----
Stealth        | 3 4 5 |  5.0
Poison Magic   | 4 5 |  5.7
Dodging        | |  2.0
Spellcasting   | |  2.0
Transmutations | |  1.0

Action                   |  1- 3 |  4- 6 || total
-------------------------+-------+-------++-------
Melee: Unarmed           |     9 |       ||     9
       Constrict         |    16 |    12 ||    28
       Dagger            |    54 |    53 ||   107
       Tentacles         |     9 |     8 ||    17
       Punch             |     1 |       ||     1
 Cast: Sting             |    15 |     2 ||    17
       Poisonous Vapours |       |     6 ||     6
 Stab: Sleeping          |    14 |     7 ||    21
Armor: Skin              |     3 |     6 ||     9
Dodge: Dodged            |    32 |    46 ||    78

Levels and vault maps discovered:
D:1:      elethiomel_arrival_maze, layout_loops_ring
D:2:      layout_basic, serial_shops, shop, grunt_ministairs_5,
          serial_park_tiny_pond, dreamdust_princess_bridge, kennysheep_doodads

Notes
Turn   | Place    | Note
-------+----------+-------------------------------------------
     0 | D:1      | zeratav the Octopode Venom Mage began the quest for the
                  | Orb.
     0 | D:1      | Reached XP level 1. HP: 11/11 MP: 3/3
     0 | D:1      | magus.rc [v1.9.6]
   278 | D:1      | Reached skill level 3 in Stealth
   287 | D:1      | Reached skill level 4 in Poison Magic
   287 | D:1      | Reached XP level 2. HP: 8/17 MP: 1/5
   752 | D:1      | Learned a level 2 spell: Poisonous Vapours
   980 | D:1      | Reached XP level 3. HP: 21/21 MP: 6/6
  1057 | D:1      | Reached skill level 4 in Stealth
  1919 | D:2      | Reached XP level 4. HP: 21/27 MP: 7/7
  2093 | D:2      | Reached skill level 5 in Poison Magic
  2099 | D:2      | Reached skill level 5 in Stealth
  2367 | D:2      | Found Qiyxyl's Armour Boutique.
  2867 | D:2      | Reached XP level 5. HP: 11/31 MP: 8/8
  3211 | D:2      | Noticed a black bear
  3218 | D:2      | HP: 4/31 [black bear (4)]
  3219 | D:2      | Slain by a black bear

Vanquished Creatures
  4 adders (D:2)
  3 worms (D:2)
  5 dart slugs
  5 ball pythons
  3 bats
  2 endoplasms (D:1)
  2 giant cockroaches
  8 hobgoblins
  4 jackals (D:2)
  6 kobolds
  5 quokkas
  5 frilled lizards
  8 goblins
  6 rats (D:1)
66 creatures vanquished.

Table legend:
 A = Non-vault XP
 B = Vault XP
 C = Vault XP percentage of total XP
 D = Non-vault monster count
 E = Vault monster count
 F = Vault count percentage of total count
                 A         B        C        D         E       F
            +---------+---------+-------+---------+---------+-------
      Total |     172 |       5 |   2.8 |      64 |       2 |   3.0
            +---------+---------+-------+---------+---------+-------
        D:1 |      56 |       0 |   0.0 |      34 |       0 |   0.0
        D:2 |     116 |       5 |   4.1 |      30 |       2 |   6.2
            +---------+---------+-------+---------+---------+-------

Illustrated notes

Table legend:
 A = Kills in this place as a percentage of kills in entire the game.
 B = Kills by you in this place as a percentage of kills by you in the entire game.
 C = Kills by friends in this place as a percentage of kills by friends in the entire game.
 D = Other kills in this place as a percentage of other kills in the entire game.
 E = Experience gained in this place as a percentage of experience gained in the entire game.
 F = Experience gained in this place divided by the number of levels of this place that you have seen.
                   A       B       C       D       E      F
               +-------+-------+-------+-------+-------+----------------------
         Total | 100.0 | 100.0 |   N/A |   N/A | 100.0 |  88.5
       Dungeon | 100.0 | 100.0 |   N/A |   N/A | 100.0 |  88.5
               +-------+-------+-------+-------+-------+----------------------

Table legend: (Time is in decaauts)
 A = Elapsed time spent in this place.
 B = Non-inter-level travel time spent in this place.
 C = Inter-level travel time spent in this place.
 D = Time resting spent in this place.
 E = Time spent auto-exploring this place.
 F = Levels seen in this place.
 G = Mean time per level.
                   A        B        C        D        E       F      G
               +--------+--------+--------+--------+--------+-----+--------+
         Total |   3218 |   3189 |     29 |    388 |   2387 |   2 | 1609.0 |
       Dungeon |   3218 |   3189 |     29 |    388 |   2387 |   2 | 1609.0 |
               +--------+--------+--------+--------+--------+-----+--------+

Top non-repeatable levels by time:
     D:1: 1654 daAuts
     D:2: 1563 daAuts
